AoeStats
← 784f22fd

Arena

514041184Analyzed
3v3 RM · 2d ago on Oct 16, 2026· 25m 59s· 6 players
Game mode
Random Map
Map size
Normal (6 player)
Population
200
Speed
Normal
Resources
Standard
Victory
Conquest
Starting age
Dark Age
Ending age
Imperial Age
RankedLock teamsTeams togetherTeam positionsShared explorationLock speedFull tech treeHidden civsTurbo modeCheats
Victory
Defeat
🇹🇷 Mongols · Türkiye
919
+16
🇳🇱 Maya · Netherlands
900
+17
🇵🇱 Japanese · Poland
896
+17
vs
🇺🇸 Danes · United States
971
-18
🇨🇳 Jurchens · China
965
-18
🇭🇰 Byzantines · Hong Kong SAR China
848
-14
*NaRKo*
0:39 Loom
9:48 Feudal Age
10:14 Double-Bit Axe
10:11 Horse Collar
18:06 Castle Age
16:54 Gold Mining
16:57 Stone Mining
17:14 Scale Barding Armor
19:13 Bow Saw
19:05 Heavy Plow
22:09 Town Watch
🆃🅾🅼🅾
7:13 Loom
9:54 Feudal Age
10:20 Double-Bit Axe
10:15 Horse Collar
17:10 Castle Age
18:54 Bow Saw
25:54 Arson
sfdejonge
0:28 Loom
12:01 Feudal Age
13:29 Double-Bit Axe
16:53 Castle Age
15:06 Fletching
15:08 Gold Mining
18:52 Wheelbarrow
24:01 Padded Archer Armor
24:53 Horse Collar
26:18 Bodkin Arrow
Toast
6:46 Loom
10:14 Feudal Age
10:43 Double-Bit Axe
13:15 Wheelbarrow
16:05 Castle Age
15:09 Scale Mail Armor
15:23 Forging
15:18 Arson
18:59 Gambesons
20:32 Squires
23:07 Chain Mail Armor
26:05 Bow Saw
brokenlit
0:49 Loom
11:18 Feudal Age
12:36 Double-Bit Axe
12:34 Horse Collar
21:05 Castle Age
19:13 Stone Mining
21:27 Gold Mining
784f22fd
12:16 Feudal Age
14:26 Double-Bit Axe
16:51 Castle Age
Connection lost

Rejoining the realm…

Still unreachable

The connection could not be restored.

Session expired

The server has moved on; the page needs a fresh start.